 Dungeon Crawl Stone Soup version 0.19.4-9-g45fd643 (webtiles) character file.

378706 Rrauwl the Warrior (level 22, -1/161 HPs)
             Began as a Gargoyle Abyssal Knight on Feb 20, 2017.
             Was the Champion of Lugonu.
             Splashed by an ancient lich's acid (14 damage)
             ... on level 5 of the Vaults on Feb 21, 2017.
             The game lasted 05:48:11 (40370 turns).

Rrauwl the Warrior (Gargoyle Abyssal Knight)       Turns: 40370, Time: 05:48:12

Health: -1/161     AC: 38    Str: 29    XL:     22   Next: 83%
Magic:  19/28      EV: 12    Int: 19    God:    Lugonu [******]
Gold:   3306       SH: 14    Dex: 10    Spells: 2 memorised, 24 levels left

rFire  + + .     SeeInvis .     n - +9 flail (drain)
rCold  . . .     Gourm    .     e - +11 chain mail of You Go First {MR++ Regen+ Int+4}
rNeg   + + .     Faith    .     J - +0 shield {reflect}
rPois  ∞         Spirit   .     x - +2 hat
rElec  +         Reflect  +     G - +0 cloak of Qazlal's Supremacy {rF+ Dex+2}
rCorr  .         Harm     .     s - +0 pair of gloves
MR     +++..     Rnd*Tele +     D - +0 pair of boots
Stlth  +.........               E - amulet of No Interval {+Rage Str+4 Slay+3}
                                q - ring of protection from fire
                                k - ring of positive energy

@: about to teleport, corroded, flying, very slightly contaminated
A: big wings, slimy green scales 1, thin metallic scales 1, clever 1, clumsy 1,
negative energy resistance 1, sense surroundings 1, robust 1, electricity
resistance, teleportitis 2, unbreathing, petrification resistance, rot immunity,
AC +16
a: Stop Flying, Depart the Abyss, Bend Space, Banish, Corrupt, Enter the Abyss,
Brand Weapon With Distortion, Renounce Religion, Evoke Berserk Rage
}: 2/15 runes: decaying, gossamer


You were on level 5 of the Vaults.
You worshipped Lugonu.
Lugonu was exalted by your worship.
You were not hungry.

You visited 9 branches of the dungeon, and saw 40 of its levels.
You visited the Abyss 2 times.
You also visited: Sewer and Ice Cave.

You collected 4843 gold pieces.
You spent 1537 gold pieces at shops.

Inventory:

Hand Weapons
 n - a +9 flail of draining (weapon)
 H - a +4 battleaxe of flaming
Armour
 e - the +11 chain mail of You Go First (worn) {MR++ Regen+ Int+4}
   (You found it on level 2 of the Abyss)

   It affects your intelligence (+4).
   It affects your resistance to hostile enchantments.
   It increases your rate of regeneration.
 s - a +0 pair of gloves (worn)
 w - +0 fire dragon scales
 x - a +2 hat (worn)
 D - a +0 pair of boots (worn)
 G - the +0 cloak of Qazlal's Supremacy (worn) {rF+ Dex+2}
   (You found it on level 11 of the Dungeon)

   It affects your dexterity (+2).
   It protects you from fire.
 J - a +0 shield of reflection (worn)
Jewellery
 d - an uncursed ring of stealth
 i - an uncursed ring of see invisible
 k - a ring of positive energy (left hand)
 q - a ring of protection from fire (right hand)
 z - the amulet "Vysan" {*Contam rC+ MR+++ Regen+ Str+6}
   (You found it on level 2 of the Swamp)

   [amulet of regeneration]

   It affects your strength (+6).
   It protects you from cold.
   It affects your resistance to hostile enchantments.
   It causes magical contamination when unequipped.
   It increases your rate of regeneration.
 E - the amulet of No Interval (around neck) {+Rage Str+4 Slay+3}
   (You bought it in a shop on level 12 of the Dungeon)

   [amulet of rage]

   It affects your strength (+4).
   It affects your accuracy and damage with ranged weapons and melee attacks
   (+3).
   It lets you go berserk.
 N - an uncursed ring of see invisible
 R - an uncursed ring of protection from magic
Wands
 g - a wand of lightning (5/15)
 u - a wand of acid (11/15)
 I - a wand of disintegration (15/24)
 Q - a wand of heal wounds (3/9)
 T - a wand of digging (8/24)
Scrolls
 b - 11 scrolls of remove curse
 c - 6 scrolls of fog
 h - 8 scrolls of teleportation
 j - 15 scrolls of identify
 M - a scroll of fear
 V - 7 scrolls of immolation
Potions
 f - 3 potions of resistance
 l - a potion of might
 m - 2 potions of cancellation
 C - 4 potions of ambrosia
 F - 15 potions of curing
 P - 4 potions of agility
Miscellaneous
 U - a phial of floods
 X - a phantom mirror
Comestibles
 a - 24 chunks of flesh
 o - a beef jerky
 p - 4 fruits
 r - 14 meat rations
 B - 21 bread rations


   Skills:
 - Level 18.1 Fighting
 + Level 15.2(17.6) Axes
 - Level 16.3(18.8) Maces & Flails
 - Level 11.0 Throwing
 - Level 12.1 Armour
 - Level 7.1 Dodging
 - Level 8.2 Stealth
 - Level 15.0 Shields
 - Level 4.1 Spellcasting
 - Level 7.1 Conjurations
 - Level 6.0 Fire Magic
 - Level 6.0 Ice Magic
 - Level 9.0 Invocations
 - Level 9.0 Evocations


You had 24 spell levels left.
You knew the following spells:

 Your Spells              Type           Power        Failure   Level  Hunger
a - Throw Frost           Conj/Ice       ####..       6%          2    ##.....
b - Conjure Flame         Conj/Fire      ####....     12%         3    ###....


Dungeon Overview and Level Annotations

Branches:
Dungeon (15/15)            Temple (0/1) D:7            Lair (6/6) D:11
  Swamp (4/4) Lair:3       Spider (4/4) Lair:4        Slime (0/5) Lair:6
    Orc (2/2) D:9             Elf (1/3) Orc:2        Vaults (5/5) D:14
  Crypt (0/3) Vaults:3     Depths (2/5) D:15           Hell (1/1)
    Dis: Hell:1         Geh: Hell:1         Coc: Hell:1         Tar: Hell:1

Altars:
Cheibriados
Dithmenos
Gozag
Kikubaaqudgha
Makhleb
Nemelex Xobeh
Vehumet
Yredelemnul
Zin
The Shining One
Beogh
Jiyva

Shops:
D:4 !   D:7 ?   D:8 %   D:12 =   D:15 %*}   Orc:2 **}(   Vaults:2 :

Portals:
Hell: Lair:6 Depths:1
Ziggurat: Depths:1

Annotations:
Hell Geryon, Murray


Innate Abilities, Weirdness & Mutations

You are resistant to torment.
Your stone body is resilient. (AC +16)
You are immune to poison.
Your large and strong wings let you fly indefinitely.
You resist negative energy. (rN+)
You are resistant to electric shocks. (rElec)
You can survive without breathing.
You are immune to petrification.
You are immune to rotting.
You are partially covered in slimy green scales. (AC +2)
You are partially covered in thin metallic scales. (AC +2)
Your mind is acute. (Int +2)
You are clumsy. (Dex -2)
You passively map a small area around you.
You are robust. (+10% HP)
You are sometimes teleported next to monsters.


Message History

The vault sentinel blows a loud note on a signal horn!
You sock the ancient lich!
The ancient lich is lightly damaged.
You block the ancient lich's attack.
You sock the ancient lich!
The ancient lich is lightly damaged.
You feel less exhausted. The ancient lich casts a spell at you.
The bolt of acid hits you! The acid corrodes you!
You are splashed with acid!
The acid burns!
You sock the ancient lich!
The ancient lich is moderately damaged.
The yaktaur captain unwields an uncursed arbalest.
The yaktaur captain wields an uncursed quarterstaff of protection.
You block the yaktaur captain's attack.
The ancient lich points at you and mumbles some strange words.
The bolt of acid hits you!
* * * LOW HITPOINT WARNING * * *
The acid corrodes you!
You are splashed with acid!
The acid burns!
You die...

##...#...#..#
,
.##.).#..#..#
..##...#.#..#
, *
...##...## *
#...##.).#, *
#...##..# * ,
* #...##(# *
* , #..)#c# ,
, , #..@.# *
, ,,,*##.L.#
##..#, , , ,
##.p * * * *
#..., , .....
, , .....# ,
, , ....# , ,
,


You could see an ancient lich, a yaktaur captain and a vault sentinel.

Vanquished Creatures
  Mara (Swamp:3)
  An ancient lich (Vaults:5)
  Bai Suzhen (Spider:3)
  Margery (Vaults:3)
  A golden dragon (Depths:2)
  Arachne (Spider:3)
  A profane servitor (Abyss:1)
  Jorgrun (Swamp:3)
  A tentacled monstrosity (Vaults:3)
  Asterion (Vaults:3)
  3 liches
  A titan (Vaults:5)
  2 quicksilver dragons (Vaults:5)
  2 sphinxes
  A shadow dragon (Vaults:5)
  2 thorn hunters
  4 tengu reavers
  The ghost of Laauton the Severer, an adept DDFi of Trog (Spider:4)
  Donald (Vaults:3)
  3 storm dragons
  Kirke (Spider:2)
  2 frost giants
  3 deep elf sorcerers (Vaults:4)
  4 fire giants
  9 emperor scorpions
  5 orc warlords
  2 ghost moths (Spider:4)
  Aizul (Depths:1)
  11 vault wardens
  A reaper (Depths:1)
  11 ironheart preservers
  6 entropy weavers
  16 stone giants
  6 very ugly things
  2 deep elf demonologists
  2 deep elf annihilators (Vaults:4)
  2 spark wasps
  2 deep elf death magi (Vaults:5)
  2 great orbs of eyes
  3 ettins
  8 yaktaur captains
  A great orb of eyes (shapeshifter) (Vaults:5)
  6 fire dragons
  Erolcha (D:9)
  3 ice dragons
  25 vault guards
  4 rakshasas
  A hell beast (Lair:6)
  2 catoblepae
  The ghost of Steam the Thaumaturge, a journeyman GrEE of Vehumet (D:10)
  19 hydras
  10 centaur warriors
  2 death knights
  3 death yaks (Lair:6)
  10 ogre magi
  3 tengu warriors
  3 deep troll shamans (Depths:2)
  14 alligators
  A vampire mage (Depths:1)
  4 deep troll earth magi (Depths:2)
  3 orc high priests (Orc:2)
  Urug (Lair:3)
  2 hell knights (Vaults:3)
  7 deep elf knights
  A shadow wraith (Vaults:4)
  Nergalle (Lair:4)
  An iron troll (D:14)
  6 deep trolls
  3 unseen horrors
  6 skeletal warriors
  A glowing orange brain (Vaults:4)
  10 swamp dragons
  2 flayed ghosts (Vaults:4)
  9 hill giants
  8 wizards
  11 deep elf archers
  13 orc knights
  10 ironbrand convokers
  2 shambling mangroves
  3 lindwurms (Swamp:4)
  Pikel (D:4)
  5 necromancers
  16 orb spiders
  22 deep elf magi
  7 orc sorcerers
  A moth of wrath (Spider:2)
  35 wolf spiders
  29 ugly things
  8 cyclopes
  A large abomination (Abyss:1)
  A salamander (shapeshifter) (Vaults:2)
  An elephant (shapeshifter) (Vaults:2)
  8 elephants (Lair:6)
  6 black mambas
  A manticore (D:15)
  An ice statue (IceCv)
  A fire giant skeleton (Vaults:1)
  Psyche (D:8)
  17 vault sentinels
  2 torpor snails (Lair:5)
  An eye of devastation (Depths:1)
  A gargoyle (D:12)
  3 rime drakes (Lair:6)
  14 demonic crawlers
  22 spiny frogs
  A kobold demonologist (D:14)
  An efreet (Abyss:1)
  49 yaktaurs
  7 freezing wraiths
  A hellwing (Lair:6)
  3 ice devils (Lair:6)
  6 komodo dragons
  A queen bee (Lair:3)
  4 red devils (Lair:6)
  3 tengu conjurers
  7 tyrant leeches
  28 jumping spiders
  7 trolls
  A polar bear (shapeshifter) (D:14)
  2 hornets (shapeshifter)
  14 hornets
  19 polar bears
  25 two-headed ogres
  Prince Ribbit (D:6)
  A fire giant simulacrum (Vaults:1)
  2 bog bodies
  An ettin zombie (Vaults:1)
  2 blink frogs (shapeshifter)
  25 blink frogs
  10 hippogriffs
  25 slime creatures
  2 dream sheep (Lair:5)
  2 shadows
  8 spriggans
  21 tarantellas
  61 redbacks
  3 vampires
  2 wraiths
  65 yaks
  4 fire bats (Swamp:4)
  A hog (Spider:2)
  A fire bat (shapeshifter) (Vaults:2)
  A human (shapeshifter) (Orc:2)
  2 wyverns (Lair:6)
  6 basilisks
  2 hungry ghosts
  A human simulacrum (Vaults:2)
  4 steam dragons (Swamp:4)
  22 vampire mosquitoes
  A chaos spawn (Abyss:1)
  3 mottled dragons (Swamp:4)
  10 wargs
  A soldier ant (shapeshifter) (Vaults:2)
  19 swamp worms
  9 insubstantial wisps
  2 hell hounds (Lair:6)
  11 porcupines
  12 water moccasins
  2 hell hounds (shapeshifter)
  2 floating eyes (Depths:1)
  50 orc warriors
  10 swamp drakes
  16 ice beasts
  3 sky beasts
  7 starcursed masses (Abyss:1)
  4 black bears (Lair:2)
  4 phantoms
  An ettin simulacrum (Vaults:3)
  4 boggarts (Vaults:2)
  3 eyes of draining
  46 ogres
  14 wolves
  32 centaurs
  A human skeleton (Vaults:1)
  13 crocodiles
  5 big kobolds
  23 bullfrogs
  A bullfrog (shapeshifter) (Vaults:4)
  3 scorpions
  29 killer bees
  8 howler monkeys
  10 wights
  7 electric eels
  2 crimson imps (D:15)
  2 quasits
  A bullfrog zombie (D:8)
  4 centaur zombies
  2 hounds
  2 jellies
  34 orc wizards
  24 orc priests
  A bullfrog skeleton (D:7)
  5 centaur skeletons
  17 iguanas
  Ijyb (D:2)
  9 worker ants
  A hound zombie (D:11)
  A hound skeleton (D:10)
  A worker ant zombie (D:8)
  11 adders
  A howler monkey skeleton (D:4)
  A river rat (D:11)
  5 shadow imps
  An ooze (D:1)
  3 adder skeletons
  3 worms
  A dart slug (D:2)
  7 leopard geckos
  129 orcs
  10 giant cockroaches
  13 goblins
  5 hobgoblins
  14 jackals
  26 kobolds
  6 quokkas
  3 ball pythons
  4 bats
  4 frilled lizards
  A leopard gecko skeleton (D:6)
  2 quokka skeletons
  3 rats
  3 briar patches (Swamp:2)
  A fungus (Lair:1)
  2 plants
1733 creatures vanquished.

Vanquished Creatures (others)
  A deep elf knight (Vaults:2)
  A shadow wraith (Vaults:4)
  2 deep elf archers
  3 yaktaurs (Vaults:4)
  2 jumping spiders (Spider:3)
  A redback (Spider:3)
  A steam dragon (Swamp:4)
  A swamp drake (Swamp:4)
  2 ogres (Vaults:2)
  A wolf (Lair:4)
  2 centaurs (Vaults:4)
  A boggart (Vaults:2)
  An orc wizard (D:5)
  An ooze (D:4)
  An orc (D:4)
  A quokka (D:4)
  A quokka skeleton (D:4)
  A briar patch (Swamp:2)
  6 fungi
  A lurking horror (Abyss:1)
  4 plants
  6 toadstools (Swamp:1)
41 creatures vanquished.

Grand Total: 1774 creatures vanquished

Notes
Turn   | Place    | Note
-------+----------+-------------------------------------------
     0 | Abyss:1  | Rrauwl the Gargoyle Abyssal Knight began the quest for the Orb.
     0 | Abyss:1  | Reached XP level 1. HP: 14/14 MP: 2/2
    23 | Abyss:1  | Noticed a small abomination
   104 | Abyss:2  | Got a jacinth-encrusted chain mail
   109 | Abyss:2  | Noticed a smoke demon
   110 | D:1      | Escaped the Abyss
   116 | D:1      | Identified the +11 chain mail of You Go First {MR++ Regen+ Int+4} (You found it on level 2 of the Abyss)
   189 | D:1      | Reached * piety under Lugonu
   355 | D:1      | Reached XP level 2. HP: 19/19 MP: 3/3
   489 | D:1      | Reached XP level 3. HP: 24/24 MP: 4/4
   491 | D:1      | Reached skill level 1 in Dodging
  1009 | D:2      | Noticed Ijyb
  1036 | D:2      | Killed Ijyb
  1036 | D:2      | Reached skill level 4 in Fighting
  1036 | D:2      | Reached skill level 1 in Stealth
  1036 | D:2      | Reached XP level 4. HP: 29/29 MP: 5/5
  1227 | D:2      | Reached ** piety under Lugonu
  1766 | D:3      | Reached XP level 5. HP: 33/33 MP: 6/6
  1854 | D:3      | Found a glowing golden altar of the Shining One.
  1856 | D:3      | Found a snail-covered altar of Cheibriados.
  1882 | D:3      | Noticed a hungry ghost
  1941 | D:3      | Killed a hungry ghost
  1941 | D:3      | Reached XP level 6. HP: 39/39 MP: 6/8
  2558 | D:4      | Noticed Pikel
  2558 | D:4      | Noticed a slave
  2559 | D:4      | Noticed a slave
  2559 | D:4      | Noticed a slave
  2565 | D:4      | Noticed a slave
  2596 | D:4      | Killed Pikel
  2596 | D:4      | Reached skill level 5 in Fighting
  2596 | D:4      | Reached skill level 1 in Evocations
  2596 | D:4      | Reached XP level 7. HP: 44/44 MP: 8/10
  2634 | D:4      | Found a glowing drain.
  2643 | D:4      | Reached *** piety under Lugonu
  2654 | Sewer    | Entered a sewer
  2700 | Sewer    | Gained mutation: You have large cloven feet. [potion of mutation]
  2700 | Sewer    | Gained mutation: You are robust. (+10% HP) [potion of mutation]
  2700 | Sewer    | Gained mutation: You regenerate slowly when monsters are visible. [potion of mutation]
  2701 | Sewer    | Lost mutation: You are robust. (+10% HP) [potion of cure mutation]
  2701 | Sewer    | Lost mutation: You have large cloven feet. [potion of cure mutation]
  2701 | Sewer    | Lost mutation: You regenerate slowly when monsters are visible. [potion of cure mutation]
  2746 | Sewer    | Reached XP level 8. HP: 40/49 MP: 11/11
  2846 | D:4      | Found Genoge's Distillery.
  3380 | D:5      | Entered Level 5 of the Dungeon
  3406 | D:5      | Noticed a yak
  3407 | D:5      | Noticed a yak
  3408 | D:5      | Noticed a yak
  3408 | D:5      | Noticed a yak
  3410 | D:5      | Noticed a yak
  3429 | D:5      | Killed a yak
  3429 | D:5      | Reached skill level 5 in Armour
  3439 | D:5      | Killed a yak
  3455 | D:5      | Killed a yak
  3455 | D:5      | Reached skill level 6 in Fighting
  3455 | D:5      | Reached skill level 5 in Invocations
  3475 | D:5      | Killed a yak
  3475 | D:5      | Reached **** piety under Lugonu
  3475 | D:5      | Reached skill level 5 in Maces & Flails
  3493 | D:5      | Killed a yak
  3493 | D:5      | Reached XP level 9. HP: 31/56 MP: 12/12
  4597 | D:6      | Noticed Prince Ribbit
  4610 | D:6      | Killed Prince Ribbit
  4610 | D:6      | Reached skill level 7 in Fighting
  4707 | D:6      | Learned a level 2 spell: Throw Frost
  5068 | D:6      | Found an opulent altar of Gozag.
  5073 | D:6      | Reached skill level 5 in Stealth
  5147 | D:7      | Reached skill level 1 in Conjurations
  5192 | D:7      | Reached skill level 1 in Spellcasting
  5192 | D:7      | Reached XP level 10. HP: 63/63 MP: 13/13
  5239 | D:7      | Reached skill level 1 in Ice Magic
  5483 | D:7      | Found Dewkysog's Magic Scroll Shop.
  5512 | D:7      | Found a staircase to the Ecumenical Temple.
  5644 | D:7      | Reached ***** piety under Lugonu
  6051 | D:7      | Reached skill level 5 in Evocations
  6132 | D:8      | Got a slimy leather armour
  6173 | D:8      | Identified the +1 leather armour of Indemnity {rC+ Dex+3} (You found it on level 8 of the Dungeon)
  6291 | D:8      | Noticed Psyche
  6299 | D:8      | Killed Psyche
  6309 | D:8      | Found Wiplerad's Food Emporium.
  6836 | D:8      | Reached skill level 8 in Fighting
  7152 | D:9      | Found a basalt altar of Yredelemnul.
  7152 | D:9      | Noticed Erolcha
  7172 | D:9      | Killed Erolcha
  7172 | D:9      | Reached XP level 11. HP: 55/68 MP: 7/15
  7327 | D:9      | Found an opulent altar of Gozag.
  7768 | D:9      | Found a staircase to the Orcish Mines.
  8057 | D:10     | Entered Level 10 of the Dungeon
  8236 | D:10     | Got an iridescent quarterstaff
  8237 | D:10     | Identified the +5 quarterstaff "Lochuthra" {crush, rElec Dex+3} (You found it on level 10 of the Dungeon)
  8269 | D:10     | Noticed Steam's ghost (journeyman GrEE)
  8418 | D:10     | Killed Steam's ghost
  8533 | D:10     | Gained mutation: You are partially covered in thin metallic scales. (AC +2) [potion of beneficial mutation]
  8826 | D:11     | Noticed a brown ugly thing
  8826 | D:11     | Noticed a cyclops
  8840 | D:11     | Killed a brown ugly thing
  8849 | D:11     | Killed a cyclops
  8916 | D:11     | Noticed a deep elf mage
  8917 | D:11     | Reached skill level 5 in Conjurations
  8934 | D:11     | Killed a deep elf mage
  8961 | D:11     | Found a staircase to the Lair.
  9021 | D:11     | Found a burning altar of Makhleb.
  9048 | D:11     | Reached skill level 9 in Fighting
  9062 | D:11     | Noticed a hill giant
  9085 | D:11     | Killed a hill giant
  9132 | D:11     | Reached skill level 5 in Ice Magic
  9163 | D:11     | Got an ichor-stained cloak
  9182 | D:11     | Identified the cursed +0 cloak of Qazlal's Supremacy {rF+ Dex+2} (You found it on level 11 of the Dungeon)
  9549 | D:11     | Noticed a cyclops
  9549 | D:11     | Reached XP level 12. HP: 76/76 MP: 18/18
  9563 | D:11     | Reached ****** piety under Lugonu
  9699 | D:12     | Noticed a seven-headed hydra
  9712 | D:12     | Killed a seven-headed hydra
  9846 | D:12     | Gained mutation: You passively map a small area around you. [mutagenic meat]
  9847 | D:12     | Gained mutation: Your mind is acute. (Int +2) [mutagenic meat]
 10429 | D:12     | Reached skill level 10 in Fighting
 10470 | D:12     | Reached skill level 10 in Armour
 10599 | D:12     | Reached XP level 13. HP: 45/82 MP: 19/19
 10728 | D:12     | Found Wier's Jewellery Emporium.
 10879 | Lair:1   | Entered Level 1 of the Lair of Beasts
 11363 | Lair:1   | Found a frozen archway.
 11437 | IceCv    | Entered an ice cave
 11649 | IceCv    | Gained mutation: You are robust. (+10% HP) [potion of beneficial mutation]
 11660 | IceCv    | Gained mutation: You are partially covered in slimy green scales. (AC +2) [potion of beneficial mutation]
 12166 | IceCv    | Noticed a frost giant
 12193 | IceCv    | Reached skill level 11 in Fighting
 12193 | IceCv    | Reached skill level 5 in Dodging
 12214 | IceCv    | Killed a frost giant
 12214 | IceCv    | Reached skill level 10 in Maces & Flails
 13077 | Lair:2   | Gained mutation: Your large and strong wings let you fly indefinitely. [Gargoyle growth]
 13077 | Lair:2   | Reached XP level 14. HP: 83/99 MP: 20/20
 13619 | D:12     | Bought the amulet of No Interval {+Rage Str+4 Slay+3} for 1224 gold pieces
 13843 | Lair:3   | Reached skill level 1 in Throwing
 13975 | Lair:3   | Noticed Urug
 13999 | Lair:3   | Killed Urug
 13999 | Lair:3   | Reached skill level 1 in Shields
 14438 | Lair:3   | Found a staircase to the Swamp.
 14693 | Lair:4   | Found a labyrinth entrance.
 14783 | Lair:4   | Noticed Nergalle
 14808 | Lair:4   | Killed Nergalle
 15038 | Lair:4   | Found a hole to the Spider Nest.
 16011 | Lair:5   | Reached skill level 12 in Fighting
 16501 | Lair:6   | Entered Level 6 of the Lair of Beasts
 16584 | Lair:6   | Found a viscous altar of Jiyva.
 16584 | Lair:6   | Found a staircase to the Slime Pits.
 16840 | Lair:6   | Reached XP level 15. HP: 105/105 MP: 21/21
 17288 | Lair:6   | Reached skill level 5 in Shields
 17362 | Lair:6   | Found a burning altar of Makhleb.
 17509 | Lair:6   | Found a gateway to Hell.
 17523 | Lair:6   | Learned a level 3 spell: Conjure Flame
 17525 | Hell     | Entered the Vestibule of Hell
 17525 | Hell     | Noticed Geryon
 17527 | Hell     | Noticed Murray
 17878 | Orc:1    | Entered Level 1 of the Orcish Mines
 17882 | Orc:1    | Found a roughly hewn altar of Beogh.
 18110 | Orc:2    | Entered Level 2 of the Orcish Mines
 18110 | Orc:2    | Found a staircase to the Elven Halls.
 18140 | Orc:2    | Reached skill level 5 in Throwing
 18229 | Orc:2    | Noticed an orc warlord
 18277 | Orc:2    | Killed an orc warlord
 18277 | Orc:2    | Reached skill level 1 in Fire Magic
 18702 | Orc:2    | Found Xill's Assorted Antiques.
 18702 | Orc:2    | Found Suden's Antique Weapon Emporium.
 18704 | Orc:2    | Reached skill level 13 in Fighting
 18710 | Orc:2    | Found Tutreug's Gadget Emporium.
 18710 | Orc:2    | Found Pochoos's Assorted Antiques.
 18736 | Orc:2    | Bought a golden potion for 27 gold pieces
 18742 | Orc:2    | Bought a wand of digging (7/24) for 286 gold pieces
 18893 | Orc:2    | Noticed an orc warlord
 18926 | Orc:2    | Killed an orc warlord
 19161 | Elf:1    | Entered Level 1 of the Elven Halls
 19670 | Orc:1    | Noticed an orc warlord
 19703 | Orc:1    | Killed an orc warlord
 19827 | Orc:1    | Noticed an orc warlord
 19846 | Orc:1    | Killed an orc warlord
 19846 | Orc:1    | Reached XP level 16. HP: 114/114 MP: 22/22
 19952 | Orc:1    | Identified the Catalogue of Good Luck and the Birds
 21516 | D:14     | Found a shadowy altar of Dithmenos.
 22108 | D:14     | Found a gate to the Vaults.
 22190 | D:15     | Entered Level 15 of the Dungeon
 22595 | D:15     | Found Suduaghu's Food Boutique.
 22842 | D:15     | Found Jelea's Assorted Antiques.
 22889 | D:15     | Found Tyzydd's Gadget Boutique.
 23005 | D:15     | Found a staircase to the Depths.
 23034 | Depths:1 | Entered Level 1 of the Depths
 23069 | Depths:1 | Noticed a tengu reaver
 23086 | Depths:1 | Killed a tengu reaver
 23086 | Depths:1 | Reached skill level 14 in Fighting
 23152 | Depths:1 | Reached skill level 5 in Fire Magic
 23516 | Depths:1 | Noticed a lich
 23641 | Depths:1 | Killed a lich
 23641 | Depths:1 | Reached XP level 17. HP: 122/122 MP: 23/23
 23956 | Depths:1 | Found a gateway to a ziggurat.
 24060 | Depths:1 | Paralysed by a floating eye for 4 turns
 24066 | Depths:1 | Paralysed by a floating eye for 2 turns
 24254 | Depths:1 | Got a distressingly furry hat
 24265 | Depths:1 | Identified the +0 hat of Death Resistance {rPois rCorr Str-2 Int+2} (You found it on level 1 of the Depths)
 24272 | Depths:1 | Found a radiant altar of Vehumet.
 24297 | Depths:1 | Got a twisted hat
 24308 | Depths:1 | Identified the +1 hat of Prudence {*Slow rElec rN+ Dex+3} (You found it on level 1 of the Depths)
 24533 | Depths:1 | Noticed Aizul
 24556 | Depths:1 | Killed Aizul
 24926 | Depths:2 | Noticed a lich
 24930 | Depths:2 | Noticed a golden dragon
 24938 | Depths:2 | Killed a golden dragon
 24940 | Depths:2 | Reached skill level 10 in Shields
 24950 | Depths:2 | Noticed a Tzitzimitl
 24953 | Depths:2 | Noticed a Hell Sentinel
 25358 | Spider:1 | Entered Level 1 of the Spider Nest
 25584 | Spider:1 | Got a thick robe
 25604 | Spider:1 | Identified the Handbook of the Lucky Birds
 25793 | Spider:1 | Identified the +1 robe of Reason {rPois Regen+ Dex-3} (You found it on level 1 of the Spider Nest)
 26027 | Spider:2 | Reached skill level 15 in Fighting
 26151 | Spider:2 | Reached XP level 18. HP: 89/130 MP: 24/24
 26327 | Spider:2 | Noticed Kirke
 26336 | Spider:2 | Killed Kirke
 26871 | Spider:3 | Noticed Arachne
 26896 | Spider:3 | Killed Arachne
 27295 | Spider:3 | Noticed Bai Suzhen
 27310 | Spider:3 | Killed Bai Suzhen
 28006 | Spider:4 | Entered Level 4 of the Spider Nest
 28006 | Spider:4 | Noticed Laauton's ghost (adept DDFi)
 28044 | Spider:4 | Killed Laauton's ghost
 28457 | Spider:4 | Reached skill level 10 in Throwing
 28913 | Spider:4 | Reached XP level 19. HP: 137/137 MP: 25/25
 29072 | Spider:4 | Got a gossamer rune of Zot
 29508 | Swamp:1  | Entered Level 1 of the Swamp
 29596 | Swamp:1  | Got a transparent chain mail
 29607 | Swamp:1  | Identified the +7 chain mail "Usym" {MR+} (You found it on level 1 of the Swamp)
 29801 | Swamp:1  | Reached skill level 16 in Fighting
 30489 | Swamp:2  | Reached skill level 15 in Maces & Flails
 30601 | Swamp:2  | Got a smoking diamond amulet
 30602 | Swamp:2  | Identified the amulet "Vysan" {*Contam rC+ MR+++ Regen+ Str+6} (You found it on level 2 of the Swamp)
 30617 | Swamp:2  | Found a snail-covered altar of Cheibriados.
 31055 | Swamp:3  | Noticed Jorgrun
 31077 | Swamp:3  | Killed Jorgrun
 31314 | Swamp:3  | Noticed Mara
 31318 | Swamp:3  | Noticed Rrauwl's illusion
 31365 | Swamp:3  | Killed Mara
 31709 | Swamp:4  | Entered Level 4 of the Swamp
 32024 | Swamp:4  | Got a decaying rune of Zot
 32380 | Swamp:4  | Reached XP level 20. HP: 146/146 MP: 26/26
 32909 | Abyss:1  | Noticed a profane servitor
 32954 | Abyss:1  | Killed a profane servitor
 32965 | Abyss:1  | Paralysed by accursed screaming for 1 turns
 32968 | Lair:1   | Escaped the Abyss
 33220 | Vaults:1 | Entered Level 1 of the Vaults
 33268 | Vaults:1 | Reached skill level 17 in Fighting
 33994 | Vaults:1 | Found a sparkling altar of Nemelex Xobeh.
 34891 | Vaults:2 | Found Duexuro's Book Shop.
 35258 | Vaults:2 | Identified 2 scrolls of acquirement
 35259 | Vaults:2 | Got an ebony demon whip
 35263 | Vaults:2 | Identified the +2 demon whip "Vonaxoez" {vamp, +Blink MR- MP+9} (You acquired it on level 2 of the Vaults)
 35850 | Vaults:3 | Found a glowing silver altar of Zin.
 35971 | Vaults:3 | Reached skill level 18 in Fighting
 35973 | Vaults:3 | Noticed Asterion
 36032 | Vaults:3 | Killed Asterion
 36098 | Vaults:3 | Noticed Margery
 36110 | Vaults:3 | Killed Margery
 36178 | Vaults:3 | Noticed Donald
 36212 | Vaults:3 | Killed Donald
 36438 | Vaults:3 | Found a staircase to the Crypt.
 36438 | Vaults:3 | Found an ancient bone altar of Kikubaaqudgha.
 36439 | Vaults:3 | Found a basalt altar of Yredelemnul.
 36514 | Vaults:3 | Reached XP level 21. HP: 153/155 MP: 27/27
 36693 | Vaults:3 | Reached skill level 5 in Axes
 37624 | Vaults:4 | Reached skill level 15 in Shields
 38052 | Vaults:4 | Reached skill level 10 in Axes
 38832 | Vaults:4 | Reached XP level 22. HP: 123/161 MP: 28/28
 39755 | Vaults:5 | Entered Level 5 of the Vaults
 39759 | Vaults:5 | Noticed a golden dragon
 39781 | Vaults:5 | Noticed an ancient lich
 40008 | Vaults:5 | Gained mutation: You are clumsy. (Dex -2) [a cacodemon]
 40010 | Vaults:5 | Gained mutation: You are occasionally teleported next to monsters. [a cacodemon]
 40283 | Vaults:5 | Reached skill level 15 in Axes
 40304 | Vaults:5 | Gained mutation: You are sometimes teleported next to monsters. [mutagenic glow]
 40317 | Vaults:5 | Killed an ancient lich
 40357 | Vaults:5 | Noticed an ancient lich
 40370 | Vaults:5 | Splashed by an ancient lich's acid

Skill      XL: |  1  2  3  4  5  6  7  8  9 10 11 12 13 14 15 16 17 18 19 20 21 22 |
---------------+-------------------------------------------------------------------+-----
Dodging        | 1 2 3 5 6 7 |  7.1
Fighting       | 4 5 6 7 8 9 10 11 12 13 14 15 16 18 | 18.1
Stealth        | 1 2 3 4 5 6 8 |  8.2
Armour         | 3 4 5 6 8 9 10 11 12 | 12.1
Maces & Flails | 3 4 5 6 7 9 10 11 12 13 14 15 16 | 16.3
Invocations    | 3 4 5 6 7 9 |  9.0
Evocations     | 1 3 4 5 6 8 9 |  9.0
Conjurations   | 1 3 5 7 |  7.1
Spellcasting   | 1 3 4 |  4.1
Ice Magic      | 3 5 6 |  6.0
Throwing       | 4 6 7 8 10 11 | 11.0
Shields        | 4 7 9 10 11 13 14 15 | 15.0
Fire Magic     | 3 5 6 |  6.0
Axes           | 4 11 15 | 15.2

Action                   |  1- 3 |  4- 6 |  7- 9 | 10-12 | 13-15 | 16-18 | 19-21 | 22-24 || total
-------------------------+-------+-------+-------+-------+-------+-------+-------+-------++-------
Melee: Mace              |   122 |   248 |   343 |       |       |       |       |       ||   713
       Flail             |       |       |   206 |   801 |  1705 |  1883 |  2183 |   346 ||  7124
       Battleaxe         |       |       |       |       |       |       |   100 |       ||   100
Throw: Throwing net      |       |       |       |       |     1 |       |       |       ||     1
       Tomahawk          |       |       |       |       |       |       |       |     4 ||     4
 Cast: Throw Frost       |       |       |       |     9 |     4 |     2 |       |       ||    15
Invok: Depart the Abyss  |     1 |       |       |       |       |       |     1 |       ||     2
       Bend Space        |       |     1 |       |       |     1 |       |     5 |     2 ||     9
       Enter the Abyss   |       |       |       |       |       |       |     1 |       ||     1
 Abil: Evoke Berserk Rag |       |       |       |       |     7 |    14 |    12 |     2 ||    35
       Fly               |       |       |       |       |       |     1 |       |       ||     1
Evoke: Wand              |       |     1 |       |     3 |     2 |     7 |     4 |     8 ||    25
  Use: Scroll            |     5 |     3 |     6 |    11 |     6 |    10 |    10 |    12 ||    63
       Potion            |     1 |     4 |     4 |    11 |    11 |     3 |     8 |       ||    42
 Stab: Distracted        |       |       |       |       |     1 |       |       |       ||     1
       Petrified         |       |       |       |       |     3 |       |       |       ||     3
       Confused          |       |       |       |       |       |       |     1 |       ||     1
       Invisible         |       |       |       |       |       |       |     1 |       ||     1
       Paralysed         |       |       |       |       |       |       |     1 |       ||     1
  Eat: Chunk             |     1 |     9 |     9 |    14 |    30 |    29 |    32 |     2 ||   126
       Bread ration      |       |     3 |       |       |       |     1 |     1 |       ||     5
       Beef jerky        |       |     2 |     1 |     2 |       |     1 |       |       ||     6
       Fruit             |       |       |       |     3 |     1 |       |     1 |       ||     5
       Pizza             |       |       |       |     1 |     2 |       |       |     1 ||     4
       Meat ration       |       |       |       |       |     1 |     1 |     3 |     1 ||     6
       Royal jelly       |       |       |       |       |       |     3 |       |       ||     3
Armor: Chain mail        |   126 |   183 |   395 |   506 |  1108 |  1228 |  1079 |   138 ||  4763
       Fire dragon scale |       |       |       |       |       |       |       |    47 ||    47
Dodge: Dodged            |    40 |   102 |   211 |   262 |   678 |   638 |   665 |   140 ||  2736
Block: Shield            |       |       |       |       |   593 |  1326 |  1294 |   198 ||  3411
       Reflection        |       |       |       |       |       |       |    59 |    16 ||    75
